 Dungeon Crawl Stone Soup version 0.30-a0-4-ga7cffc901d (webtiles) character file.

Game seed: 16824273860239325708

32 SensoryNuts the Shield-Bearer (level 3, -4/23 HPs)
             Began as a Gargoyle Fighter on Aug 21, 2022.
             Slain by Grinder (7 damage)
             ... on level 3 of the Dungeon.
             The game lasted 00:01:12 (1310 turns).

SensoryNuts the Shield-Bearer (Gargoyle Fighter)    Turns: 1310, Time: 00:01:12

Health: -4/23      AC: 11    Str: 21    XL:     3   Next: 25%
Magic:  3/3        EV:  9    Int:  8    God:
Gold:   16         SH:  4    Dex:  9    Spells: 2/2 levels left

rFire   . . .      SeeInvis .    g - +2 short sword (speed)
rCold   . . .      Faith    .    c - +0 buckler
rNeg    + . .      Spirit   .    b - +0 scale mail
rPois   ∞          Reflect  .    j - +0 helmet
rElec   +          Harm     .    (no cloak)
rCorr   .          Rampage  .    (no gloves)
Will    .....                    (no boots)
Stlth   ..........               (no amulet)
HPRegen 0.07/turn                (no ring)
MPRegen 0.08/turn                (no ring)

@: mighty, brilliant
A: sickness immunity, AC +3, negative energy resistance 1, electricity
resistance, torment resistance 1, petrification resistance
a: no special abilities


You were on level 3 of the Dungeon.
You visited 1 branch of the dungeon, and saw 3 of its levels.

You collected 16 gold pieces.

Inventory:

Hand Weapons
 a - a +0 flail
 g - a +2 short sword of speed (weapon)
Armour
 b - a +0 scale mail (worn)
 c - a +0 buckler (worn)
 j - a +0 helmet (worn)
Scrolls
 f - 4 scrolls of identify {unknown}
 i - a scroll of silence {unknown}
 m - a scroll of teleportation {unknown}
 o - a scroll of fog {unknown}
 p - a scroll of fear {unknown}
Potions
 k - a potion of mutation {unknown}
 l - a potion of attraction {unknown}
 n - a potion of heal wounds {unknown}


   Skills:
 + Level 3.5 Fighting
 * Level 1.0 Short Blades
 + Level 2.2 Maces & Flails
 + Level 3.6 Armour
 + Level 3.7 Shields


You had 2 spell levels left.
You didn't know any spells.
Your spell library was empty.

Dungeon Overview and Level Annotations

Branches:
Dungeon (3/15)

Altars:

Annotations:
D:3 Grinder


Innate Abilities, Weirdness & Mutations

You are immune to sickness and miasma.
Your stone body is resilient. (AC +3)
You are immune to poison.
You resist negative energy. (rN+)
You are resistant to electric shocks. (rElec)
You are resistant to unholy torment.
You are immune to petrification.


Message History

You closely miss the adder.
The adder is moderately wounded.
The adder bites you but does no damage.
You hit the adder.
The adder is severely wounded.
The adder bites you.
You hit the adder.
The adder is almost dead.
You block the adder's attack.
You hit the adder.
You kill the adder!
Your Short Blades skill increases to level 1!
You have reached level 3!
Your experience leads to an increase in your attributes!
Increase (S)trength, (I)ntelligence, or (D)exterity?
You feel stronger. x2
HP restored.
Found an escape hatch in the floor.
Grinder comes into view.
Grinder shouts!
Grinder is nearby!
Grinder gestures at you.
You suddenly lose the ability to move!
You can move again.
It was a potion of curing.
You feel better.
Grinder blinks!
You feel very mighty all of a sudden. Grinder gestures at you.
Pain shoots through your body!
You hit Grinder but do no damage. Grinder hits you.
You writhe in agony.
You closely miss Grinder. Grinder hits you!
* * * LOW HITPOINT WARNING * * *
You writhe in agony.
* * * LOW HITPOINT WARNING * * *
You hit Grinder.
Grinder is lightly wounded.
Unknown command.
It was a potion of brilliance.
You feel clever all of a sudden. Grinder hits you!
You die...

################ .....
.......##
##.#####.#####<#..##.##
.......@5....#..#...#.##
..........##............
.#.#####..###...........
#..# #.........#
#..###.###...#.##
.........†......#
.......>###..<#..#
###.#.### ####.<.# #.#.
.#.#


You could see Grinder.

Vanquished Creatures
  An adder (D:3)
  A dart slug (D:1)
  2 ball pythons (D:1)
  4 bats (D:1)
  An endoplasm (D:1)
  A hobgoblin (D:2)
  4 jackals (D:2)
  A quokka (D:1)
  3 kobolds
  2 rats
20 creatures vanquished.

Notes
Turn   | Place    | Note
-------+----------+-------------------------------------------
     0 | D:1      | SensoryNuts the Gargoyle Fighter began the quest for the
                  | Orb.
     0 | D:1      | Reached XP level 1. HP: 14/14 MP: 1/1
     4 | D:1      | Noticed an anaconda
   501 | D:1      | Reached XP level 2. HP: 19/19 MP: 2/2
   751 | D:1      | Noticed an eight-headed hydra
  1243 | D:3      | Reached skill level 1 in Short Blades
  1243 | D:3      | Reached XP level 3. HP: 19/23 MP: 3/3
  1302 | D:3      | Noticed Grinder
  1303 | D:3      | Paralysed by Grinder for 2 turns
  1310 | D:3      | Slain by Grinder

Illustrated notes

Levels and vault maps discovered:
D:1:      sevenhm_arrival_forest_fort_small_2, layout_rooms, grunt_decor_clamped
D:2:      layout_basic, chequers_ecumenical_altar_island,
          dreamdust_mushroom_princess, minmay_misc_feat_alley,
          kennysheep_pointless_box, uniq_crazy_yiuf_cottage
D:3:      layout_loops_ring, chequers_jeans, uniq_grinder, uniq_terence

Skill      XL: |  1  2 |
---------------+-------+-----
Short Blades   | 1 |  1.0
Fighting       | |  3.5
Maces & Flails | |  2.2
Armour         | |  3.6
Shields        | |  3.7

Action                   || total
-------------------------++-------
Melee: Short sword       ||    92
       Flail             ||     8
  Use: Potion            ||     3
Armor: Scale mail        ||    64
Dodge: Dodged            ||    54
Block: Buckler           ||    31

Table legend: (Time is in decaauts)
 A = Elapsed time spent in this place.
 B = Non-inter-level travel time spent in this place.
 C = Inter-level travel time spent in this place.
 D = Time resting spent in this place.
 E = Time spent auto-exploring this place.
 F = Levels seen in this place.
 G = Mean time per level.
                   A        B        C        D        E       F      G
               +--------+--------+--------+--------+--------+-----+--------+
         Total |   1289 |   1215 |     74 |      0 |   1044 |   3 |  429.7 |
       Dungeon |   1289 |   1215 |     74 |      0 |   1044 |   3 |  429.7 |
               +--------+--------+--------+--------+--------+-----+--------+

Top non-repeatable levels by time:
     D:1: 919 daAuts
     D:2: 293 daAuts
     D:3: 76 daAuts
